AoeStats
← VbadGamer

Arabia

510201201Analyzed
4v4 RM · 1d ago on Sep 29, 2026· 34m 23s· 8 players
Game mode
Random Map
Map size
Large (8 player)
Population
200
Speed
Normal
Resources
Standard
Victory
Conquest
Starting age
Dark Age
Ending age
Imperial Age
RankedLock teamsTeams togetherTeam positionsShared explorationLock speedFull tech treeHidden civsTurbo modeCheats
Victory
Defeat
🇬🇧 Ethiopians · United Kingdom
845
+11
🇬🇧 Franks · United Kingdom
841
+11
🇬🇧 Franks · United Kingdom
834
+11
🇬🇧 Bohemians · United Kingdom
571
+21
🇫🇷 Mongols · France
761
-15
🇮🇳 Gurjaras · India
744
-15
🇦🇺 Khitans · Australia
727
-14
🇵🇪 Vietnamese · Peru
627
-10
Althair
11:18 Feudal Age
11:47 Double-Bit Axe
11:48 Horse Collar
19:50 Forging
25:16 Wheelbarrow
30:38 Castle Age
29:13 Gold Mining
29:14 Stone Mining
32:18 Elite Skirmisher
33:30 Hand Cart
Corona
2:11 Loom
13:26 Feudal Age
17:54 Castle Age
15:39 Horse Collar
17:17 Double-Bit Axe
20:19 Wheelbarrow
24:15 Stone Mining
26:06 Bow Saw
27:42 Fletching
29:19 Bodkin Arrow
29:25 Padded Archer Armor
30:03 Gold Mining
30:52 Stone Shaft Mining
31:37 Leather Archer Armor
31:45 Ballistics
32:58 Hand Cart
37:07 Imperial Age
VbadGamer
11:18 Feudal Age
11:53 Man-at-Arms
12:36 Double-Bit Axe
13:42 Loom
17:59 Scale Barding Armor
18:46 Forging
19:00 Fletching
21:50 Wheelbarrow
28:18 Castle Age
xxbysnipxx
15:50 Feudal Age
16:24 Man-at-Arms
16:51 Arson
Sharizard
1:17 Loom
10:37 Feudal Age
15:50 Forging
16:50 Scale Mail Armor
22:44 Fletching
27:14 Castle Age
32:44 Wheelbarrow
Torrin
2:33 Loom
10:34 Feudal Age
17:19 Castle Age
16:59 Fletching
19:08 Double-Bit Axe
19:08 Horse Collar
21:25 Crossbowman
23:16 Padded Archer Armor
28:36 Leather Archer Armor
28:29 Bodkin Arrow
31:23 Ballistics
32:52 Gold Mining
ukrc786
1:53 Loom
15:09 Feudal Age
15:54 Horse Collar
16:22 Double-Bit Axe
19:46 Arson
26:27 Castle Age
25:36 Forging
25:27 Scale Mail Armor
25:18 Fletching
25:29 Padded Archer Armor
29:23 Heavy Plow
29:23 Pikeman
30:09 Squires
30:47 Wagenburg Tactics
33:02 Iron Casting
32:43 Chain Mail Armor
NastyBoi
11:01 Feudal Age
15:17 Double-Bit Axe
20:55 Castle Age
23:15 Husbandry
33:58 Forging
33:54 Scale Barding Armor
33:41 Fletching
Connection lost

Rejoining the realm…

Still unreachable

The connection could not be restored.

Session expired

The server has moved on; the page needs a fresh start.